 Dungeon Crawl Stone Soup version 0.31.0-32-g396128a36d (webtiles) character file.

Game seed: 13862650570020502853

88886 Heartofthecards the Arsonist (level 15, -6/121 HPs)
             Began as a Mummy Cinder Acolyte on Mar 18, 2024.
             Was a Priest of Ignis.
             Shot with an arrow by a satyr (28 damage)
             ... on level 3 of the Shoals on Mar 20, 2024.
             The game lasted 02:13:25 (32482 turns).

Heartofthecards the Arsonist (MuCA)                Turns: 32482, Time: 02:13:25

Health: -6/121     AC:  8    Str: 18    XL:     15   Next: 47%
Magic:  17/32      EV: 15    Int: 32    God:    Ignis [***...]
Gold:   1358       SH:  5    Dex: 11    Spells: 6/41 levels left

rFire   . . .        s - +6 long sword "Hohaes" {spect, Int+5 Dex-4}
rCold   + + +        (no shield)
rNeg    + + +        q - +2 robe of Vanity {Fly rC++}
rPois   ∞            n - +1 hat {SInv}
rElec   .            (no cloak)
rCorr   .            r - +0 pair of gloves
SInv    +            j - +1 pair of boots
Will    ++...        C - amulet of reflection
Stlth   +            b - ring "Keax Enwi" {^Contam ^Drain Will+ Int+8 SInv}
HPRegen 0.40/turn    z - +6 ring of dexterity
MPRegen 0.23/turn

%: reflection, faith
@: about to teleport, flying, mesmerised
A: cold resistance 1, negative energy resistance 3, torment resistance 2, heat
vulnerability 1, in touch with death 2, no potions, faith
a: Renounce Religion, Fiery Armour, Foxfire Swarm, Rising Flame


You were on level 3 of the Shoals.
You worshipped Ignis.
Ignis was most pleased with you.
You visited 5 branches of the dungeon, and saw 22 of its levels.
You also visited: Bailey, Ice Cave and Volcano.

You collected 2532 gold pieces.
You spent 1174 gold pieces at shops.

Inventory:

Hand Weapons
 c - the +8 storm bow {elec, penet}
   (You found it in a bailey)
 g - the +1 demon blade "Lodies" {drain, Int+2}
   (You bought it in a shop on level 2 of the Orcish Mines)

   Int+2:     It affects your intelligence (+2).
 s - the +6 long sword "Hohaes" (weapon) {spect, Int+5 Dex-4}
   (You found it on level 4 of the Dungeon)

   Int+5:     It affects your intelligence (+5).
   Dex-4:     It affects your dexterity (-4).
 B - a +4 scimitar of flaming
Missiles
 d - 48 poisoned darts (quivered)
 l - 10 javelins
Armour
 h - a +0 buckler
 j - a +1 pair of boots (worn)
 n - a +1 hat of see invisible (worn)
 q - the +2 robe of Vanity (worn) {Fly rC++}
   (You found it on level 3 of the Dungeon)

   rC++:      It greatly protects you from cold.
   Fly:       It grants you flight.
 r - a +0 pair of gloves (worn)
Jewellery
 b - the ring "Keax Enwi" (left hand) {^Contam ^Drain Will+ Int+8 SInv}
   (You found it on level 8 of the Dungeon)

   [ring of willpower]

   Int+8:     It affects your intelligence (+8).
   Will+:     It increases your willpower.
   SInv:      It lets you see invisible.
   ^Contam:   It causes magical contamination when unequipped.
   ^Drain:    It drains your maximum health when unequipped.
 k - a ring of protection from fire
 x - a ring of protection from fire
 z - a +6 ring of dexterity (right hand)
 C - an amulet of reflection (around neck)
Wands
 a - a wand of polymorph (14)
 m - a wand of iceblast (5)
 u - a wand of flame (4)
 w - a wand of quicksilver (5)
 E - a wand of charming (5)
Scrolls
 e - 4 scrolls of enchant armour
 i - 3 scrolls of amnesia
 o - 6 scrolls of identify
 p - 2 scrolls of immolation
 t - 9 scrolls of enchant weapon
 v - 2 scrolls of vulnerability
 D - a scroll of brand weapon
 F - 2 scrolls of torment
 G - 2 scrolls of fog
 H - 2 scrolls of noise


   Skills:
 + Level 12.2 Fighting
 - Level 7.0 Long Blades
 + Level 9.8 Dodging
 + Level 13.6 Spellcasting
 + Level 1.3 Conjurations
 * Level 14.1 Fire Magic
 - Level 7.0 Alchemy


You had 6 spell levels left.
You knew the following spells:

 Your Spells              Type           Power      Damage    Failure   Level
a - Scorch                Fire           100%       2d9       0%          2
b - Sticky Flame          Fire/Alch      74%        2d12      1%          4
c - Ignite Poison         Fire/Alch      74%        N/A       1%          4
d - Mercury Vapours       Alch/Air       88%        N/A       1%          2
e - Olgreb's Toxic Radia  Alch           61%        N/A       1%          4
f - Mephitic Cloud        Conj/Alch/Air  39%        N/A       1%          3
g - Apportation           Tloc           42%        N/A       2%          1
h - Alistair's Intoxicat  Alch           40%        N/A       3%          5
i - Starburst             Conj/Fire      32%        6d10      13%         6
j - Flame Wave            Conj/Fire      64%        2d15      1%          4

Your spell library contained the following spells:

 Spells                   Type           Power      Damage    Failure   Level
 Sting                    Conj/Alch      100%       1d9       1%          1
 Slow                     Hex            84%        N/A       2%          1
 Jinxbite                 Hex            42%        N/A       3%          2
 Dazzling Flash           Conj/Hex       52%        N/A       4%          3
 Leda's Liquefaction      Alch/Erth      22%        N/A       4%          4
 Call Canine Familiar     Summ           21%        N/A       6%          3
 Confusing Touch          Hex            21%        N/A       6%          3
 Fugue of the Fallen      Necr           48%        N/A       6%          3
 Ozocubu's Armour         Ice            21%        N/A       6%          3
 Sigil of Binding         Hex            21%        N/A       6%          3
 Vampiric Draining        Necr           48%        2d9       6%          3
 Animate Armour           Summ/Erth      42%        N/A       22%         4
 Dimensional Bullseye     Hex/Tloc       10%        N/A       22%         4
 Manifold Assault         Tloc           21%        N/A       22%         4
 Summon Lightning Spire   Summ/Air       21%        N/A       22%         4
 Borgnjor's Vile Clutch   Necr/Erth      24%        N/A       52%         5
 Curse of Agony           Necr           48%        N/A       52%         5
 Lee's Rapid Deconstruct  Erth           10%        3d8*      52%         5
 Silence                  Hex/Air        10%        N/A       52%         5
 Bombard                  Conj/Erth      13%        9d3       94%         6
 Summon Cactus Giant      Summ           10%        N/A       97%         6
 Ignition                 Fire           42%        3d12      38%         8
 Haunt                    Necr/Summ      24%        N/A       100%        7
 Ozocubu's Refrigeration  Ice            10%        4d9       100%        7
 Discord                  Hex            10%        N/A       100%        8
 Borgnjor's Revivificati  Necr           Unusable   N/A       N/A         8
 Death's Door             Necr           Unusable   N/A       N/A         9

Dungeon Overview and Level Annotations

Branches:
Dungeon (11/15)            Temple (1/1) D:7            Lair (5/5) D:8
 Shoals (3/4) Lair:3        Snake (0/4) Lair:2        Slime (0/5) Lair:5
    Orc (2/2) D:10            Elf (0/3) Orc:2        Bailey (visited)
  IceCv (visited)         Volcano (visited)

Altars:
Ashenzari
Cheibriados
Dithmenos
Fedhas
Gozag
Hepliaklqana
Kikubaaqudgha
Makhleb
Nemelex Xobeh
Okawaru
Qazlal
Ru
Sif Muna
Trog
Uskayaw
Vehumet
Wu Jian
Xom
Yredelemnul
Jiyva
Lugonu

Shops:
D:8 :   D:11 (   Orc:1 =   Orc:2 ([![

Portals:
Abyss: Lair:5
Trove: D:10 (give +2 gold dragon scales)

Annotations:
D:9 3 runed translucent doors, Baz's ghost, novice MiBe
Lair:4 3 runed translucent doors, nitefall's ghost, journeyman DjCj; postfeelist's ghost, journeyman HOFi


Innate Abilities, Weirdness & Mutations

You are immune to poison.
Your flesh is cold resistant. (rC+)
You are immune to negative energy. (rN+++)
You are immune to unholy pain and torment.
You are vulnerable to heat. (rF-)
You are strongly in touch with the powers of death.
You do not drink.
You have a special connection with the divine. (Faith)


Message History

A wave of flame ripples out!
The flame wave engulfs the harpy.
The harpy is lightly wounded.
The flame wave engulfs the plant!
The plant is moderately damaged.
The flame wave engulfs the harpy!
You kill the harpy!
The flame wave engulfs the plant!
The plant is moderately damaged. (Press . to intensify the flame waves.)
The merfolk shouts!
The satyr looks even sicker.
The merfolk is poisoned.
The merfolk javelineer is poisoned.
Your toxic aura wanes.
A nearby plant withers and dies.
You block the harpy's attack. The harpy misses you.
The satyr shoots an arrow.
The arrow barely misses you.
The merfolk javelineer throws a javelin.
The javelin pierces through you!
* * * LOW HITPOINT WARNING * * *
The merfolk siren chants its luring song.
As you read the scroll of fog, it dissolves into smoke.
A nearby plant withers and dies.
The harpy barely misses you. The harpy claws you.
* * * LOW HITPOINT WARNING * * *
The harpy barely misses you. The harpy claws you but does no damage.
The harpy claws you!
* * * LOW HITPOINT WARNING * * *
The harpy barely misses you.
The satyr shoots an arrow.
The arrow closely misses you.
A water elemental comes into view.
The merfolk siren chants its luring song.
You hear a shout!
Unknown command.
A nearby plant withers and dies. x2; The harpy attacks as it pursues you!
You block the harpy's attack. The harpy claws you.
* * * LOW HITPOINT WARNING * * *
The harpy closely misses you. The harpy barely misses you.
The merfolk siren chants its luring song.
As you read the scroll of teleportation, it crumbles to dust.
You feel strangely unstable.
The satyr shoots an arrow.
The arrow hits you!!
You die...

.....E....~~≈≈≈≈
..........~~~~~~
#..........~~~~~
.......m....m..
......)H...mm
m......§H§.#
#.....§§§§m#
....E.§H§..#
.c.~~.§@§§....#
...~~§...#P.~.#
....~.P###..~...
....~.. ~~P..
......P P~~P.
..../.. .≈≈≈
....... .≈≈~
.......


You could see a merfolk impaler (very poisoned), a satyr (very poisoned), a
water elemental, a merfolk siren (mesmerising, poisoned) and a harpy.

Vanquished Creatures
  Polyphemus (Shoals:2)
  A reaper (IceCv)
  A hydra (Lair:2)
  A catoblepas (Shoals:2)
  An alligator snapping turtle (Shoals:1)
  A merfolk avatar (Shoals:1)
  A two-headed ogre (D:9)
  Erica (D:10)
  6 merfolk aquamancers (Shoals:2)
  A hell hog (Volcano)
  5 orc high priests (Orc:2)
  15 death yaks
  3 skysharks
  4 sea snakes (Shoals:2)
  A harpy (Shoals:3)
  A lindwurm (Volcano)
  6 orc knights
  An orc sorcerer (Orc:1)
  2 manticores
  5 fauns
  A cyclops (D:11)
  9 elephants
  4 merfolk sirens
  2 ice statues (IceCv)
  A smoke demon (Lair:5)
  5 black mambas
  7 cane toads
  4 kobold blastminers
  7 water nymphs
  3 large abominations (Lair:5)
  A kobold demonologist (D:9)
  3 rime drakes
  3 anaconda simulacra (IceCv)
  9 komodo dragons
  A yaktaur (shapeshifter) (Lair:5)
  10 ice devils
  4 trolls
  3 wind drakes
  6 merfolk
  2 polar bears
  A polar bear (shapeshifter) (Lair:5)
  2 raiju (Lair:5)
  A hornet (D:9)
  18 blink frogs
  4 snapping turtles
  4 slime creatures (D:10)
  2 spriggans (Lair:5)
  3 ynoxinuls (Lair:5)
  3 wyverns
  46 yaks
  11 fire bats (Volcano)
  6 basilisks
  2 wargs
  A water elemental (Shoals:1)
  4 dire elephant simulacra (IceCv)
  3 wraiths
  A steam dragon (Volcano)
  13 water moccasins
  2 acid dragons
  A harpy simulacrum (IceCv)
  A hell hound (Volcano)
  2 hydra simulacra (IceCv)
  41 orc warriors
  4 ice beasts
  5 black bears
  2 sky beasts
  7 small abominations (Lair:5)
  A swamp drake (D:10)
  21 wolves
  7 ogres
  3 centaurs
  Blork the orc (D:5)
  2 kobold brigands
  8 bullfrogs
  A gnoll sergeant (D:8)
  2 scorpions (D:6)
  An elephant simulacrum (IceCv)
  7 killer bees
  An electric eel (Lair:3)
  2 howler monkeys
  A bombardier beetle (D:3)
  7 lava snakes (Volcano)
  A hound (D:5)
  5 jellies
  30 orc priests
  6 hell rats (Lair:3)
  2 iguanas
  13 orc wizards
  2 sleepcaps
  A troll simulacrum (IceCv)
  8 gnolls
  4 adders
  A naga simulacrum (IceCv)
  2 shadow imps
  A white imp (D:6)
  4 ufetubi (D:6)
  2 ribbon worms (D:3)
  86 orcs
  3 ball pythons
  A bat (D:1)
  9 endoplasms
  3 giant cockroaches
  5 goblins
  6 hobgoblins
  4 jackals (D:5)
  4 quokkas
  4 frilled lizards
  13 kobolds
  4 rats
  A butterfly (Lair:5)
623 creatures vanquished.

Vanquished Creatures (collateral kills)
  A two-headed ogre (D:8)
  2 thrashing horrors (Lair:5)
  An ugly thing (Lair:5)
  A smoke demon (Lair:5)
  A cane toad (Lair:1)
  A komodo dragon (Lair:5)
  3 yaks (Lair:1)
10 creatures vanquished.

Vanquished Creatures (others)
  An orc wizard (Orc:1)
  A spectral weapon (Lair:3)
2 creatures vanquished.

Grand Total: 635 creatures vanquished

Notes
Turn   | Place    | Note
-------+----------+-------------------------------------------
     0 | D:1      | Heartofthecards the Mummy Cinder Acolyte began the quest
                  | for the Orb.
     0 | D:1      | Reached XP level 1. HP: 18/18 MP: 2/2
   272 | D:1      | Reached XP level 2. HP: 21/24 MP: 4/4
   277 | D:1      | Learned a level 2 spell: Scorch
   822 | D:2      | Identified the +1 helmet "Yzoemej" {rC+}
  1071 | D:2      | Found an iron altar of Okawaru.
  1332 | D:3      | Reached XP level 3. HP: 29/29 MP: 1/6
  1754 | D:3      | Reached skill level 3 in Fire Magic
  1849 | D:3      | Identified the +2 robe of Vanity {Fly rC++}
  1923 | D:3      | Reached skill level 1 in Dodging
  1923 | D:3      | Reached XP level 4. HP: 30/35 MP: 1/7
  2425 | D:4      | Noticed a black bear
  2541 | D:4      | Identified the +6 long sword "Hohaes" {spect, Int+5 Dex-4}
  2742 | D:4      | Reached XP level 5. HP: 40/41 MP: 2/9
  2747 | D:4      | Killed a black bear
  2824 | D:4      | Identified the +0 pair of boots of Calculation {rPois}
  3162 | D:4      | Reached XP level 6. HP: 48/48 MP: 7/10
  3535 | D:5      | Entered Level 5 of the Dungeon
  3910 | D:5      | Identified the +0 leather armour "Wiokkon" {*Slow rN++
                  | Str+3 SInv}
  3947 | D:5      | Reached skill level 4 in Fire Magic
  4028 | D:5      | Noticed Blork the orc
  4036 | D:5      | Killed Blork the orc
  4088 | D:5      | Noticed a water moccasin
  4090 | D:5      | Reached XP level 7. HP: 54/54 MP: 12/12
  4654 | D:6      | Reached skill level 5 in Fire Magic
  4815 | D:6      | Reached XP level 8. HP: 53/61 MP: 10/14
  5029 | D:6      | Reached skill level 5 in Fighting
  5195 | D:6      | Reached skill level 5 in Spellcasting
  5597 | D:7      | Found a flagged portal.
  5606 | Bailey   | Entered a bailey
  5666 | Bailey   | Reached skill level 6 in Fire Magic
  6019 | Bailey   | Reached XP level 9. HP: 53/68 MP: 7/17
  6431 | Bailey   | Found the +8 storm bow {elec, penet}
  6431 | Bailey   | Noticed an orc knight
  6431 | Bailey   | Noticed an orc knight
  6449 | Bailey   | Killed an orc knight
  6450 | Bailey   | Reached skill level 5 in Long Blades
  6457 | Bailey   | Killed an orc knight
  6458 | Bailey   | Reached skill level 7 in Fire Magic
  6733 | D:7      | Found a staircase to the Ecumenical Temple.
  6782 | Temple   | Entered the Ecumenical Temple
  7616 | D:7      | Found a shimmering blue altar of Sif Muna.
  7617 | D:7      | Found a stormy altar of Qazlal.
  7662 | D:7      | Found a faded altar of an unknown god.
  7662 | D:7      | Found the Hermit's Pendant {Faith Invo=14 Evo=0 MP+5}
  7852 | D:8      | Reached XP level 10. HP: 77/77 MP: 16/20
  7949 | D:8      | Reached skill level 5 in Dodging
  7949 | D:8      | Reached skill level 8 in Fire Magic
  8500 | D:8      | Found Fudaod Ydeytt's Book Shop.
  8500 | D:8      | Noticed a two-headed ogre
  8589 | D:8      | Killed a two-headed ogre
  8698 | D:8      | Identified the ring "Keax Enwi" {^Contam ^Drain Will+ Int+8
                  | SInv}
  8981 | D:8      | Found a staircase to the Lair.
  9102 | D:9      | Noticed a two-headed ogre
  9174 | D:9      | Found a runed translucent gate.
  9175 | D:9      | Found a runed translucent gate.
  9176 | D:9      | Found a runed translucent gate.
  9177 | D:9      | Noticed Baz's ghost (novice MiBe)
  9195 | D:9      | Found a radiant altar of Vehumet.
  9422 | D:9      | Reached XP level 11. HP: 85/85 MP: 11/23
  9504 | D:9      | HP: 1/85 [two-headed ogre/+0 giant spiked club (12)]
  9505 | D:9      | Killed a two-headed ogre
 10086 | D:9      | Reached skill level 9 in Fire Magic
 10531 | D:10     | Entered Level 10 of the Dungeon
 10734 | Lair:1   | Entered Level 1 of the Lair of Beasts
 11320 | Lair:1   | Identified the +1 leather armour of Bedevilment {rF++}
 12160 | Lair:2   | Noticed a seven-headed hydra
 12779 | D:8      | Bought an Everburning Encyclopedia for 418 gold pieces
 12784 | D:8      | Learned a level 4 spell: Sticky Flame
 12789 | D:8      | Learned a level 4 spell: Ignite Poison
 12792 | D:8      | Learned a level 2 spell: Mercury Vapours
 12839 | D:10     | Noticed Erica
 12846 | D:10     | Killed Erica
 12932 | D:10     | Found a portal to a secret trove of treasure.
 13412 | D:10     | Reached skill level 1 in Alchemy
 13565 | D:10     | Found a staircase to the Orcish Mines.
 14415 | D:11     | Found a frozen archway.
 14444 | IceCv    | Entered an ice cave
 14593 | IceCv    | Reached skill level 10 in Fire Magic
 14725 | IceCv    | Reached XP level 12. HP: 61/94 MP: 11/25
 14824 | IceCv    | Learned a level 4 spell: Olgreb's Toxic Radiance
 15731 | IceCv    | Reached skill level 10 in Spellcasting
 15804 | IceCv    | Identified the +4 ring mail of Dedgh {*Corrode rElec rPois
                  | Regen+}
 15835 | IceCv    | Noticed a reaper
 15842 | IceCv    | Killed a reaper
 16153 | D:11     | Learned a level 3 spell: Mephitic Cloud
 17055 | D:11     | Found Gafuihiecw's Weapon Shop.
 17295 | Lair:1   | Reached skill level 11 in Fire Magic
 18150 | Lair:2   | Found a staircase to the Snake Pit.
 18598 | Lair:2   | Gained mutation: You are strongly in touch with the powers
                  | of death. [Mummy growth]
 18598 | Lair:2   | Reached XP level 13. HP: 91/103 MP: 22/27
 18866 | Lair:3   | Found a dark tunnel.
 18871 | Volcano  | Entered a volcano
 19025 | Volcano  | Reached skill level 10 in Fighting
 19591 | Volcano  | Found a bloodstained altar of Trog.
 20551 | Lair:3   | Found a staircase to the Shoals.
 21236 | Lair:3   | Reached skill level 12 in Fire Magic
 21963 | Lair:4   | Found a runed translucent gate.
 21963 | Lair:4   | Found a runed translucent gate.
 21964 | Lair:4   | Found a runed translucent gate.
 21971 | Lair:4   | Noticed nitefall's ghost (journeyman DjCj)
 21971 | Lair:4   | Noticed postfeelist's ghost (journeyman HOFi)
 22268 | Lair:4   | Reached skill level 5 in Alchemy
 22697 | Lair:5   | Entered Level 5 of the Lair of Beasts
 23124 | Lair:5   | Found a viscous altar of Jiyva.
 23273 | Lair:5   | Reached XP level 14. HP: 91/111 MP: 13/30
 23540 | Lair:5   | Found a staircase to the Slime Pits.
 23584 | Lair:5   | Found a broken altar of Ashenzari.
 24217 | Lair:5   | Identified the +10 flail of Regicide {venom, rPois rC-
                  | Str+3 Int+2}
 24313 | Lair:5   | Found a corrupted altar of Lugonu.
 24313 | Lair:5   | Found a one-way gate to the infinite horrors of the Abyss.
 24337 | Lair:5   | Learned a level 1 spell: Apportation
 24343 | Lair:5   | Learned a level 5 spell: Alistair's Intoxication
 24519 | Lair:5   | Reached skill level 13 in Fire Magic
 24588 | Lair:5   | Identified the +1 mace "Newtbane" {venom, Fly MP+9}
 25170 | Orc:1    | Entered Level 1 of the Orcish Mines
 25170 | Orc:1    | Found Toephin's Jewellery Emporium.
 25607 | Orc:2    | Entered Level 2 of the Orcish Mines
 25849 | Orc:2    | Found a staircase to the Elven Halls.
 26986 | Orc:2    | Found Feaplex's Antique Armour Emporium.
 26986 | Orc:2    | Found Eboastug's Antique Weapon Emporium.
 26987 | Orc:2    | Found Riemewk's Antique Armour Emporium.
 26987 | Orc:2    | Found Fecujuw's Distillery.
 27133 | Orc:2    | Bought a steaming demon blade for 360 gold pieces
 27133 | Orc:2    | Identified the +1 demon blade "Lodies" {drain, Int+2} (You
                  | bought it in a shop on level 2 of the Orcish Mines)
 27843 | D:8      | Bought the Compilation of Shadowy Immolation for 396 gold
                  | pieces
 27850 | D:8      | Learned a level 6 spell: Starburst
 28129 | Shoals:1 | Entered Level 1 of the Shoals
 28637 | Shoals:1 | Reached XP level 15. HP: 15/120 MP: 3/32
 30589 | Shoals:2 | Noticed Polyphemus
 31090 | Shoals:2 | Killed Polyphemus
 31137 | Shoals:2 | Reached skill level 14 in Fire Magic
 31779 | Shoals:2 | Learned a level 4 spell: Flame Wave
 32016 | Shoals:2 | Reached skill level 1 in Conjurations
 32482 | Shoals:3 | Shot with an arrow by a satyr

Illustrated notes

Levels and vault maps discovered:
D:1:      matt_arrival_diagonals, layout_basic
D:2:      layout_rooms, basic_altar
D:3:      layout_basic
D:4:      layout_basic
D:5:      layout_loops_ring, uniq_blork_the_orc
D:6:      layout_basic
D:7:      layout_basic, tso_metal_star, gammafunk_temple_overflow_statue,
          minmay_temple_entry_hall, enter_ossuary_2, enter_bailey_8,
          minmay_stone_trees_small, hellmonk_guarded_unrand_hermit
D:8:      layout_rooms, hellmonk_lair_entry_icy, serial_shops, shop,
          minmay_misc_feat_tiny
D:9:      layout_gridville, amcnicky_altar_gilded, gammafunk_ghost_nasty_kobolds
D:10:     layout_grid_maze, erik_orc_1, nicolae_trove_entry_crossroad,
          uniq_erica
D:11:     layout_loops_ring, portal_ice_cave_demonic_guard, serial_shops, shop
Temple:   regret_index_temple_chain_breaker
Lair:1:   layout_cave_pods
Lair:2:   layout_hall_layers, dummy_snake_entry, wad_woods_road_01,
          beast_lair_carwin_11, infiniplex_staircase_pool, grunt_megastairs_4
Lair:3:   layout_small_grid, elwin_shoals_entry_rooms, enter_volcano_4
Lair:4:   layout_regular_city, gammafunk_ghost_cemetery, serial_bayou_shore_a,
          grunt_megastairs_2
Lair:5:   hellmonk_lair_end_abyssal_woods, layout_misc_corridors,
          nicolae_slime_entry_field_trip, basic_altar, lemuel_fruit_fields,
          infiniplex_staircase_pool_2
Shoals:1: layout_shoals
Shoals:2: layout_shoals, nicolae_splish_splash, uniq_polyphemus
Shoals:3: cheibrodos_shoals_baths, layout_shoals, nicolae_shoals_sun_and_surf
Orc:1:    layout_caves, serial_shops, shop
Orc:2:    st_orc_pillars, layout_caves, mines2_david

Skill      XL: |  1  2  3  4  5  6  7  8  9 10 11 12 13 14 15 |
---------------+----------------------------------------------+-----
Spellcasting   | 2 3 4 5 6 8 9 10 12 13 | 13.6
Fire Magic     | 3 4 5 6 7 8 10 11 12 13 14 | 14.1
Dodging        | 1 2 3 4 5 6 7 8 9 |  9.8
Long Blades    | 3 4 5 6 7 |  7.0
Fighting       | 4 5 6 7 8 9 10 11 12 | 12.2
Alchemy        | 1 3 5 6 7 |  7.0
Conjurations   | 1 |  1.3

Action                     |  1- 3 |  4- 6 |  7- 9 | 10-12 | 13-15 || total
---------------------------+-------+-------+-------+-------+-------++-------
  Melee: Falchion          |    61 |       |       |       |       ||    61
         Punch             |     1 |       |     1 |     3 |     2 ||     7
         Long sword        |       |    46 |    86 |   265 |   287 ||   684
         Demon blade       |       |       |       |       |    10 ||    10
  Throw: Dart              |     6 |     3 |    11 |    12 |       ||    32
   Cast: Scorch            |    30 |    35 |    96 |   249 |   166 ||   576
         Sticky Flame      |       |       |       |    38 |    47 ||    85
         Mephitic Cloud    |       |       |       |     8 |    41 ||    49
         Olgreb's Toxic Ra |       |       |       |     1 |    74 ||    75
         Ignite Poison     |       |       |       |     1 |    50 ||    51
         Mercury Vapours   |       |       |       |       |    16 ||    16
         Starburst         |       |       |       |       |     5 ||     5
         Alistair's Intoxi |       |       |       |       |     1 ||     1
         Flame Wave        |       |       |       |       |     2 ||     2
 Invoke: Fiery Armour      |     1 |       |     1 |     3 |       ||     5
  Evoke: Wand              |       |       |       |     6 |    10 ||    16
    Use: Scroll            |     1 |     6 |     6 |     5 |    17 ||    35
   Stab: Distracted        |       |       |       |     1 |     1 ||     2
         Confused          |       |       |       |     8 |     7 ||    15
 Armour: Robe              |    36 |    27 |    93 |   267 |   320 ||   743
  Dodge: Dodged            |    34 |    25 |   104 |   257 |   303 ||   723
  Block: Other             |       |       |       |     1 |    95 ||    96
         Reflection        |       |       |       |       |     7 ||     7
